 Dungeon Crawl Stone Soup version 0.25.1-2-g60ff931df9 (webtiles) character file.

Game seed: 4962113123877619965

133 Duder the Cudgeler (level 4, 0/41 HPs)
             Began as a Minotaur Berserker on Oct 4, 2020.
             Was a Believer of Trog.
             Succumbed to Robin's poison
             ... on level 3 of the Dungeon.
             The game lasted 00:03:48 (2794 turns).

Duder the Cudgeler (Minotaur Berserker)             Turns: 2794, Time: 00:03:48

Health: 0/41       AC:  5    Str: 23    XL:     4   Next: 93%
Magic:  3/3        EV: 12    Int:  4    God:    Trog [**....]
Gold:   67         SH:  0    Dex:  9    Spells: 3/3 levels left

rFire    . . .     SeeInvis .   e - +0 whip
rCold    . . .     Gourm    .   (no shield)
rNeg     . . .     Faith    .   m - +0 ring mail
rPois    .         Spirit   .   (helmet restricted)
rElec    .         Reflect  .   (no cloak)
rCorr    .         Harm     .   (no gloves)
MR       .....                  (no boots)
Stlth    ..........             (no amulet)
HPRegen  0.13/turn              (no ring)
MPRegen  0.08/turn              (no ring)

@: lethally poisoned (0 -> -8)
A: retaliatory headbutt, horns 2
a: Berserk, Trog's Hand, Renounce Religion


You were on level 3 of the Dungeon.
You worshipped Trog.
Trog was pleased with you.
You were near starving.

You visited 1 branch of the dungeon, and saw 3 of its levels.

You collected 67 gold pieces.

Inventory:

Hand Weapons
 a - a +0 mace
 e - a +0 whip (weapon)
 l - a +0 mace
Missiles
 d - 72 stones (quivered)
 g - 13 poisoned darts
 t - 6 atropa-tipped darts
Armour
 b - a +0 animal skin
 m - a +0 ring mail (worn)
Scrolls
 f - 2 scrolls of amnesia
 h - 2 scrolls of magic mapping {unknown}
 i - a scroll of random uselessness
 j - a scroll of remove curse {unknown}
 k - a scroll of blinking {unknown}
 n - a scroll of noise {unknown}
 o - 2 scrolls of fear {unknown}
 p - a scroll of identify {unknown}
 q - a scroll of fog {unknown}
 r - a scroll of enchant weapon {unknown}
 s - 3 scrolls of teleportation {unknown}
Comestibles
 c - 5 rations


   Skills:
 + Level 4.3 Fighting
 * Level 5.0 Maces & Flails
 + Level 1.4 Throwing
 + Level 3.4 Armour
 + Level 2.9 Dodging


You had 3 spell levels left.
You didn't know any spells.
Your spell library was empty.

Dungeon Overview and Level Annotations

Branches:
Dungeon (3/15)

Altars:
Okawaru
Ru


Innate Abilities, Weirdness & Mutations

You reflexively headbutt those who attack you in melee.
You have a pair of horns on your head.


Message History

You hit the ooze. You headbutt the ooze!
You kill the ooze!
Trog accepts your kill.
* * * LOW HITPOINT WARNING * * *
You feel sick. The hobgoblin misses you. You furiously retaliate!
You headbutt the hobgoblin. You closely miss the hobgoblin.
You headbutt the hobgoblin.
You kill the hobgoblin!
Trog accepts your kill. The goblin hits you.
* * * LOW HITPOINT WARNING * * *
You hit the goblin.
The goblin is heavily wounded.
* * * LOW HITPOINT WARNING * * *
You feel sick. The goblin hits you.
* * * LOW HITPOINT WARNING * * *
You whack the goblin!
You kill the goblin!
Trog accepts your kill.
You die...

#......<..#
###.##.##.#
#.##.##.# #.##.##.#
#####.##.##.#
#......#.##.#
#.###.......#
..##.#)#)..........
......)@)##..#####.
###..#)####.># # #.
#..# #. .... ##
#####


There were no monsters in sight!

Vanquished Creatures
  Jessica (D:3)
  Robin (D:3)
  3 adders (D:2)
  An ooze (D:3)
  2 worms (D:2)
  A dart slug (D:1)
  A ball python (D:1)
  3 bats
  14 goblins
  6 hobgoblins
  4 jackals (D:1)
  9 kobolds
  2 frilled lizards
  8 rats
56 creatures vanquished.

Notes
Turn   | Place    | Note
-------+----------+-------------------------------------------
     0 | D:1      | Duder the Minotaur Berserker began the quest for the Orb.
     0 | D:1      | Reached XP level 1. HP: 19/19 MP: 0/0
   446 | D:1      | Reached XP level 2. HP: 27/27 MP: 1/1
   668 | D:1      | Reached skill level 4 in Maces & Flails
  1533 | D:2      | Reached XP level 3. HP: 23/33 MP: 2/2
  1747 | D:2      | Reached skill level 1 in Throwing
  1796 | D:2      | Found an iron altar of Okawaru.
  1852 | D:2      | Reached ** piety under Trog
  1946 | D:2      | Found a sacrificial altar of Ru.
  2377 | D:2      | Reached XP level 4. HP: 22/40 MP: 3/3
  2718 | D:3      | Noticed Jessica
  2725 | D:3      | Killed Jessica
  2763 | D:3      | Noticed Robin
  2790 | D:3      | Killed Robin
  2790 | D:3      | Reached skill level 5 in Maces & Flails
  2793 | D:3      | HP: 1/41 [goblin[Robin] (4)]
  2794 | D:3      | Succumbed to Robin's poison

Illustrated notes

Levels and vault maps discovered:
D:1:      roderic_lyre, layout_loops_corners
D:2:      layout_loops_corners, nicolae_ru_awakened_eye, lemuel_doored_altar
D:3:      layout_loops_cross, minmay_misc_feat_rows,
          nemelex_xobeh_ov_fountains_minmay, uniq_jessica, uniq_robin

Skill      XL: |  1  2  3  4 |
---------------+-------------+-----
Maces & Flails | 4 5 |  5.0
Fighting       | 4 |  4.3
Throwing       | 1 |  1.4
Armour         | 3 |  3.4
Dodging        | |  2.9

Action                   |  1- 3 |  4- 6 || total
-------------------------+-------+-------++-------
Melee: Whip              |    79 |    49 ||   128
       Headbutt          |    13 |    11 ||    24
       Mace              |     1 |       ||     1
Throw: Stone             |     2 |       ||     2
  Use: Scroll            |       |     2 ||     2
  Eat: Chunk             |     4 |       ||     4
Armor: Animal skin       |     5 |       ||     5
       Ring mail         |     4 |    18 ||    22
Dodge: Dodged            |    39 |    42 ||    81
